 Dungeon Crawl Stone Soup version 0.20.1-1-g8b1a95d (console) character file.

112 bli the Conjurer (level 4, 0/34 HPs)
             Began as a Draconian Wanderer on July 16, 2017.
             Slain by a worm (5 damage)
             ... on level 2 of the Dungeon.
             The game lasted 00:09:13 (1893 turns).

bli the Conjurer (Draconian Wanderer)               Turns: 1893, Time: 00:09:13

Health: 0/34       AC:  5    Str: 15    XL:     4   Next: 64%
Magic:  1/6        EV: 11    Int: 13    God:
Gold:   44         SH:  0    Dex: 10    Spells: 3/6 levels left

rFire    . . .     SeeInvis .   k - -2 dagger (curse)
rCold    . . .     Gourm    .   (no shield)
rNeg     + . .     Faith    .   (armour unavailable)
rPois    .         Spirit   .   (helmet restricted)
rElec    .         Reflect  .   (no cloak)
rCorr    .         Harm     .   (no gloves)
MR       .....                  (no boots)
Stlth    +.........             (no amulet)
Regen    0.2/turn               p - ring of positive energy
MPRegen  0.1/turn               (no ring)

@: no status effects
A: unfitting armour, frail 1, wild magic 1, cold-blooded, AC +5
a: no special abilities


You were on level 2 of the Dungeon.
You were hungry.

You visited 1 branch of the dungeon, and saw 2 of its levels.

You collected 44 gold pieces.

Inventory:

Hand Weapons
 c - a +0 hand axe
 k - a cursed -2 dagger (weapon)
Jewellery
 p - a ring of positive energy (left hand)
Wands
 n - a wand of flame (24/48)
Scrolls
 e - 2 scrolls of recharging
Potions
 b - a potion of lignification
 o - a potion of heal wounds
 r - a potion of might {unknown}
Books
 a - a book of Minor Magic

   Spells                             Type                      Level
   a - Magic Dart                     Conjuration                  1
   b - Blink                          Translocation                2
   c - Call Imp                       Summoning                    2
   d - Slow                           Hexes                        2
   e - Conjure Flame                  Conjuration/Fire             3
   f - Mephitic Cloud                 Conjuration/Poison/Air       3
Comestibles
 d - 2 bread rations
 f - 7 chunks of flesh
 q - a royal jelly


   Skills:
 + Level 3.5 Fighting
 + Level 1.3 Axes
 + Level 0.8 Dodging
 + Level 0.2 Stealth
   Level 1.0 Shields
 * Level 1.7 Spellcasting
 + Level 4.8 Conjurations
 + Level 1.0 Evocations


You had 3 spell levels left.
You knew the following spells:

 Your Spells              Type           Power        Failure   Level  Hunger
a - Magic Dart            Conj           ###.         6%          1    ##.....
B - Blink                 Tloc           N/A          45%         2    ###....


Dungeon Overview and Level Annotations

Branches:
Dungeon (2/15)

Altars:


Innate Abilities, Weirdness & Mutations

Your plain brown scales are hard. (AC +5)
You cannot fit into any form of body armour.
You are cold-blooded and may be slowed by cold attacks.
You are frail. (-10% HP)
Your spells are a little harder to cast, but a little more powerful.


Message History

The worm bites you but does no damage.
You hit the worm but do no damage.
The worm is heavily wounded.
You hit the worm but do no damage.
The worm is heavily wounded.
You feel less wooden. The worm bites you.
* * * LOW HITPOINT WARNING * * *
You hit the worm but do no damage.
The worm is moderately wounded.
Casting: Magic Dart
Confirm with . or Enter, or press ? or * to list all spells.
Aiming: Magic Dart
Press: ? - help, Shift-Dir - straight line, f/p - worm
Aim: a worm (moderately wounded)
The magic dart hits the worm.
The worm is heavily wounded.
You are feeling hungry.
The worm bites you.
You die...

...#..[........# #.# #.
####...........# #+#
.#####. #.#####..####
#...... #.#
###.#####...w..). .##.##
#.####.).....#.........
#..P.
#............#....... ..
#....
####............##.....
#.#....
................##...####
#.P.P..
#####...).......##......#
#.....÷
#...........##....#.#
#.#P...
#...........@ww<..#.#
#.#P#+.
#..........####'#.#.#
#......
#.......[....##.#.#.#
#####..
#####+####...##.#..<# #.#
#...##.###.#. ##.#
#.[.##.#...#.####..#
###...##.#.###......##
#.....##.#.#####.####
#......#.#...÷.#.#
#......#.#####.#.###
#........# #.....#


You could see 2 worms.

Vanquished Creatures
  4 adders
  4 oozes (D:1)
  2 dart slugs (D:1)
  2 leopard geckos
  A ball python (D:1)
  2 bats
  4 giant cockroaches
  11 goblins
  6 hobgoblins
  2 jackals (D:1)
  2 frilled lizards
  4 kobolds
  8 rats
52 creatures vanquished.

Notes
Turn   | Place    | Note
-------+----------+-------------------------------------------
     0 | D:1      | bli the Draconian Wanderer began the quest for the Orb.
     0 | D:1      | bli set off with: a book of Minor Magic, a potion of lignification, a +0 hand axe, a bread ration
     0 | D:1      | Reached XP level 1. HP: 17/17 MP: 2/2
     2 | D:1      | Learned a level 1 spell: Magic Dart
    85 | D:1      | Reached XP level 2. HP: 14/25 MP: 1/3
   455 | D:1      | Reached XP level 3. HP: 31/31 MP: 2/4
   916 | D:1      | Learned a level 2 spell: Blink
  1230 | D:2      | Reached XP level 4. HP: 37/38 MP: 2/6
  1463 | D:2      | HP: 1/38 [adder (4)]
  1466 | D:2      | Gained mutation: You are frail. (-10% HP) [potion of mutation]
  1466 | D:2      | Gained mutation: Your spells are a little harder to cast, but a little more powerful. [potion of mutation]
  1893 | D:2      | Slain by a worm

Skill      XL: |  1  2 |
---------------+-------+-----
Fighting       | 3 |  3.5
Axes           | |  1.3
Dodging        | |  0.8
Stealth        | |  0.2
Shields        | |  1.0
Spellcasting   | |  1.7
Conjurations   | |  4.8
Evocations     | |  1.0

Action                   |  1- 3 |  4- 6 || total
-------------------------+-------+-------++-------
Melee: Hand axe          |    48 |       ||    48
       Tailslap          |     5 |     4 ||     9
       Dagger            |    13 |    98 ||   111
 Cast: Magic Dart        |    50 |    43 ||    93
  Use: Potion            |       |     7 ||     7
       Scroll            |       |     3 ||     3
  Eat: Chunk             |     3 |     3 ||     6
Armor: Skin              |    17 |    67 ||    84
Dodge: Dodged            |    35 |    40 ||    75
